General information
- name: BNet
- type: Ladder team game (AT/RT)
- host: Battle.net
- saver: 713648217
map: FullScaleAssault
- players: 8
- length: 23:44
- speed: Fast
- version: 1.26 W3XP
- replay type: Public
» download(144 KB)
Players
team 1 (loser)

»
X2DAZX (
red | 43 APM | 1020 actions | 23:43)
5 Keeper of the Grove
3 Entangling Roots
2 Force of Nature
» actions
| Assign group hotkey | 4 | |
| Basic commands | 6 | |
| Build / train | 69 | |
| ESC pressed | 8 | |
| Enter build submenu | 18 | |
| Enter hero's abilities submenu | 5 | |
| Give item / drop item | 2 | |
| Remove unit from queue | 3 | |
| Right click | 595 | |
| Select / deselect | 246 | |
| Select group hotkey | 16 | |
| Use ability | 48 | |
1020 total
» units
| Wisp | 19 | |
| Chimaera | 7 | |
| Hippogryph | 7 | |
| Grunt | 4 | |
37 total
» upgrades
| Strength of the Wild | 3 | |
| Reinforced Hides | 3 | |
| Ultravision | 1 | |
| Nature's Blessing | 1 | |
| Corrosive Breath | 1 | |
| Well Spring | 1 | |
10 total
» buildings
| Altar of Elders | 2 | |
| Moon Well | 7 | |
| Hunter's Hall | 1 | |
| Tree of Ages | 4 | |
| Ancient of Wonders | 1 | |
| Ancient of Wind | 1 | |
| Tree of Eternity | 1 | |
| Ancient Protector | 2 | |
| Tree of Life | 1 | |
| Chimaera Roost | 3 | |
23 total
» build order
00:07 Altar of Elders
00:09 Altar of Elders
00:10 Moon Well
00:55 Moon Well
01:23 Moon Well
02:04 Hunter's Hall
02:41 Moon Well
02:43 Moon Well
02:56 Tree of Ages
02:56 Tree of Ages
03:33 Ancient of Wonders
03:42 Moon Well
04:39 Moon Well
05:27 Ancient of Wind
06:02 Tree of Eternity
06:23 Ancient Protector
06:24 Ancient Protector
06:27 Tree of Life
08:52 Chimaera Roost
08:53 Chimaera Roost
08:55 Chimaera Roost
» items
| Potion of Healing | 1 | |
| Potion of Mana | 1 | |
| Scroll of Town Portal | 2 | |
| Orb of Venom | 1 | |
| Boots of Speed | 1 | |
| Scroll of Protection | 1 | |
7 total

»
Chogling (
teal | 47 APM | 310 actions | 06:36)
3 Tauren Chieftain
2 Endurance Aura
1 Shockwave
» actions
| Assign group hotkey | 1 | |
| Basic commands | 26 | |
| Build / train | 27 | |
| ESC pressed | 1 | |
| Enter build submenu | 9 | |
| Enter hero's abilities submenu | 3 | |
| Remove unit from queue | 1 | |
| Right click | 79 | |
| Select / deselect | 110 | |
| Select group hotkey | 38 | |
| Use ability | 15 | |
310 total
» units
| Peon | 6 | |
| Grunt | 3 | |
| Troll Headhunter/Berserker | 2 | |
| Goblin Shredder | 1 | |
12 total
» buildings
| Orc Burrow | 2 | |
| War Mill | 1 | |
| Barracks | 1 | |
| Altar of Storms | 1 | |
| Voodoo Lounge | 1 | |
| Stronghold | 4 | |
| Great Hall | 1 | |
11 total
» build order
00:21 Orc Burrow
00:37 War Mill
00:55 Barracks
01:10 Orc Burrow
01:39 Altar of Storms
02:05 Voodoo Lounge
03:22 Stronghold
03:23 Stronghold
03:23 Stronghold
04:54 Great Hall
» items

»
D_Rose_MVP (
purple | 34 APM | 728 actions | 21:39)
5 Blademaster
3 Wind Walk
2 Critical Strike
» actions
| Assign group hotkey | 26 | |
| Basic commands | 41 | |
| Build / train | 57 | |
| ESC pressed | 4 | |
| Enter build submenu | 20 | |
| Enter hero's abilities submenu | 5 | |
| Give item / drop item | 1 | |
| Right click | 137 | |
| Select / deselect | 210 | |
| Select group hotkey | 185 | |
| Use ability | 42 | |
728 total
» units
| Peon | 15 | |
| Grunt | 13 | |
| Tauren | 5 | |
| Shaman | 4 | |
37 total
» upgrades
| Melee Weapons | 3 | |
| Armor | 3 | |
| Shaman Training | 2 | |
8 total
» buildings
| Orc Burrow | 10 | |
| Altar of Storms | 1 | |
| Barracks | 1 | |
| War Mill | 2 | |
| Voodoo Lounge | 1 | |
| Stronghold | 1 | |
| Fortress | 1 | |
| Great Hall | 1 | |
| Tauren Totem | 2 | |
| Spirit Lodge | 1 | |
21 total
» build order
00:11 Orc Burrow
00:17 Altar of Storms
00:46 Barracks
01:24 War Mill
02:14 Orc Burrow
03:14 Orc Burrow
03:36 Voodoo Lounge
04:03 Stronghold
04:18 Orc Burrow
08:47 Fortress
09:49 Great Hall
11:20 Tauren Totem
11:26 Tauren Totem
11:41 Spirit Lodge
12:55 Orc Burrow
13:13 Orc Burrow
14:00 Orc Burrow
15:23 Orc Burrow
16:18 Orc Burrow
17:31 War Mill
18:30 Orc Burrow
» items
| Healing Salve | 1 | |
| Lesser Clarity Potion | 1 | |
| Periapt of Vitality | 1 | |
| Orb of Lightning | 1 | |
4 total
TheKnight (
pink | 25 APM | 590 actions | 23:40)
4 Death Knight
2 Death Coil
1 Death Pact
1 Unholy Aura
3 Lich
2 Frost Nova
1 Frost Armor
1 Pit Lord
1 Howl of Terror
» actions
| Basic commands | 1 | |
| Build / train | 48 | |
| Enter build submenu | 25 | |
| Enter hero's abilities submenu | 8 | |
| Remove unit from queue | 1 | |
| Right click | 246 | |
| Select / deselect | 210 | |
| Use ability | 51 | |
590 total
» units
| Acolyte | 7 | |
| Ghoul | 3 | |
| Crypt Fiend | 7 | |
| Obsidian Statue | 2 | |
| Goblin Zeppelin | 1 | |
| Frost Wyrm | 5 | |
25 total
» upgrades
| Creature Attack | 3 | |
| Creature Carapace | 2 | |
| Web | 1 | |
| Freezing Breath | 1 | |
7 total
» buildings
| Graveyard | 1 | |
| Crypt | 1 | |
| Altar of Darkness | 1 | |
| Ziggurat | 10 | |
| Halls of the Dead | 1 | |
| Slaughterhouse | 1 | |
| Sacrificial Pit | 1 | |
| Tomb of Relics | 1 | |
| Black Citadel | 1 | |
| Boneyard | 3 | |
| Spirit Tower | 1 | |
22 total
» build order
00:12 Graveyard
00:19 Crypt
00:45 Altar of Darkness
01:07 Ziggurat
01:17 Ziggurat
04:04 Halls of the Dead
08:50 Slaughterhouse
09:13 Ziggurat
09:17 Ziggurat
09:24 Sacrificial Pit
11:47 Tomb of Relics
12:31 Black Citadel
13:34 Ziggurat
13:37 Ziggurat
13:42 Ziggurat
13:44 Ziggurat
13:48 Ziggurat
16:11 Boneyard
16:17 Boneyard
16:19 Boneyard
18:58 Ziggurat
20:47 Spirit Tower
team 2 (winner)

»
Secret-Mission (
yellow | 45 APM | 1061 actions | 23:44)
8 Dreadlord
3 Vampiric Aura
3 Carrion Swarm
1 Inferno
1 Sleep
» actions
| Basic commands | 34 | |
| Build / train | 99 | |
| Enter build submenu | 14 | |
| Enter hero's abilities submenu | 8 | |
| Give item / drop item | 3 | |
| Remove unit from queue | 20 | |
| Right click | 589 | |
| Select / deselect | 243 | |
| Use ability | 51 | |
1061 total
» units
| Acolyte | 2 | |
| Ghoul | 22 | |
| Crypt Fiend | 17 | |
| Gargoyle | 9 | |
50 total
» upgrades
| Unholy Strength | 2 | |
| Web | 1 | |
| Ghoul Frenzy | 1 | |
| Creature Carapace | 3 | |
7 total
» buildings
| Altar of Darkness | 1 | |
| Ziggurat | 6 | |
| Crypt | 2 | |
| Graveyard | 1 | |
| Tomb of Relics | 2 | |
| Nerubian Tower | 1 | |
| Spirit Tower | 1 | |
| Halls of the Dead | 4 | |
| Black Citadel | 1 | |
19 total
» build order
00:14 Altar of Darkness
00:18 Ziggurat
00:43 Crypt
01:24 Ziggurat
01:30 Graveyard
02:12 Tomb of Relics
02:17 Tomb of Relics
04:27 Nerubian Tower
04:28 Spirit Tower
04:32 Ziggurat
05:02 Halls of the Dead
05:02 Halls of the Dead
05:03 Halls of the Dead
05:03 Halls of the Dead
05:57 Ziggurat
07:54 Crypt
08:03 Black Citadel
09:47 Ziggurat
11:21 Ziggurat
» items
| Rod of Necromancy | 1 | |
| Scroll of Town Portal | 2 | |
| Potion of Healing | 1 | |
| Staff of Teleportation | 1 | |
| Scroll of Protection | 1 | |
6 total
713648217 (
blue | 111 APM | 2644 actions | 23:44)
8 Archmage
3 Summon Water Elemental
3 Brilliance Aura
1 Mass Teleport
1 Blizzard
» actions
| Assign group hotkey | 71 | |
| Basic commands | 72 | |
| Build / train | 135 | |
| ESC pressed | 9 | |
| Enter build submenu | 43 | |
| Enter hero's abilities submenu | 8 | |
| Give item / drop item | 5 | |
| Remove unit from queue | 1 | |
| Right click | 947 | |
| Select / deselect | 442 | |
| Select group hotkey | 697 | |
| Use ability | 213 | |
2644 total
» units
| Peasant | 18 | |
| Footman | 11 | |
| Rifleman | 6 | |
| Flying Machine | 4 | |
| Goblin Zeppelin | 2 | |
| Goblin Shredder | 3 | |
| Gryphon Rider | 2 | |
| Dragonhawk Rider | 3 | |
49 total
» upgrades
| Plating | 3 | |
| Gunpowder | 4 | |
| Swords | 5 | |
| Masonry | 4 | |
| Long Rifles | 1 | |
| Lumber Harvesting | 2 | |
| Defend | 1 | |
| Flying Machine Bombs | 1 | |
| Flak Cannons | 1 | |
| Animal War Training | 1 | |
| Armor | 2 | |
| Storm Hammers | 1 | |
| Cloud | 1 | |
27 total
» buildings
| Barracks | 2 | |
| Altar of Kings | 1 | |
| Farm | 12 | |
| Blacksmith | 1 | |
| Arcane Vault | 1 | |
| Scout Tower | 9 | |
| Lumber Mill | 1 | |
| Arcane Tower | 3 | |
| Keep | 3 | |
| Workshop | 6 | |
| Town Hall | 3 | |
| Castle | 1 | |
| Guard Tower | 8 | |
| Gryphon Aviary | 5 | |
56 total
» build order
00:08 Barracks
00:11 Altar of Kings
00:14 Farm
00:56 Farm
01:55 Blacksmith
02:23 Farm
03:03 Arcane Vault
03:14 Scout Tower
03:17 Lumber Mill
03:45 Farm
03:58 Arcane Tower
03:58 Arcane Tower
04:34 Farm
04:37 Farm
05:03 Keep
05:03 Keep
07:27 Workshop
07:32 Workshop
07:36 Workshop
07:39 Workshop
09:07 Town Hall
10:04 Castle
10:27 Farm
11:16 Scout Tower
11:19 Scout Tower
11:53 Arcane Tower
11:53 Guard Tower
12:08 Farm
12:09 Farm
12:15 Barracks
13:03 Scout Tower
14:34 Guard Tower
14:34 Guard Tower
15:59 Workshop
16:00 Workshop
16:02 Gryphon Aviary
16:05 Gryphon Aviary
16:09 Gryphon Aviary
16:12 Gryphon Aviary
16:16 Gryphon Aviary
16:50 Town Hall
16:55 Town Hall
17:18 Scout Tower
18:19 Guard Tower
18:19 Guard Tower
18:21 Scout Tower
22:13 Farm
22:13 Farm
22:16 Farm
22:18 Scout Tower
22:22 Scout Tower
22:23 Scout Tower
23:17 Guard Tower
23:31 Guard Tower
» items
| Scroll of Regeneration | 4 | |
| Scroll of Town Portal | 4 | |
| Potion of Healing | 2 | |
| Potion of Lesser Invulnerability | 1 | |
| Periapt of Vitality | 4 | |
15 total

»
GypsyWarg (
green | 34 APM | 803 actions | 23:44)
4 Keeper of the Grove
2 Entangling Roots
2 Thorns Aura
» actions
| Build / train | 74 | |
| Enter build submenu | 22 | |
| Enter hero's abilities submenu | 4 | |
| Remove unit from queue | 1 | |
| Right click | 316 | |
| Select / deselect | 339 | |
| Use ability | 47 | |
803 total
» units
| Wisp | 16 | |
| Archer | 15 | |
| Mountain Giant | 15 | |
| Hippogryph | 12 | |
58 total
» upgrades
| Strength of the Wild | 3 | |
| Well Spring | 1 | |
| Druid of the Claw Training | 0 | |
| Hardened Skin | 1 | |
| Resistant Skin | 1 | |
| Reinforced Hides | 2 | |
8 total
» buildings
| Moon Well | 6 | |
| Altar of Elders | 1 | |
| Ancient of War | 1 | |
| Tree of Ages | 1 | |
| Hunter's Hall | 1 | |
| Ancient of Wonders | 1 | |
| Tree of Eternity | 1 | |
| Ancient of Wind | 1 | |
| Ancient of Lore | 2 | |
| Tree of Life | 3 | |
18 total
» build order
00:10 Moon Well
00:13 Altar of Elders
00:17 Ancient of War
02:05 Moon Well
03:14 Moon Well
04:30 Tree of Ages
04:40 Hunter's Hall
04:49 Ancient of Wonders
05:49 Moon Well
06:55 Tree of Eternity
06:56 Ancient of Wind
09:03 Ancient of Lore
09:13 Moon Well
10:07 Ancient of Lore
11:06 Moon Well
13:48 Tree of Life
22:30 Tree of Life
23:27 Tree of Life

»
jalf702 (
orange | 59 APM | 1391 actions | 23:44)
4 Keeper of the Grove
3 Entangling Roots
1 Thorns Aura
» actions
| Assign group hotkey | 5 | |
| Build / train | 46 | |
| Enter build submenu | 16 | |
| Enter hero's abilities submenu | 4 | |
| Remove unit from queue | 1 | |
| Right click | 950 | |
| Select / deselect | 220 | |
| Select group hotkey | 107 | |
| Use ability | 42 | |
1391 total
» units
| Wisp | 9 | |
| Archer | 12 | |
| Huntress | 3 | |
| Hippogryph | 10 | |
34 total
» upgrades
| Hippogryph Taming | 1 | |
| Improved Bows | 1 | |
| Strength of the Moon | 1 | |
| Moon Armor | 1 | |
4 total
» buildings
| Moon Well | 8 | |
| Altar of Elders | 1 | |
| Ancient of War | 2 | |
| Ancient of Wonders | 1 | |
| Hunter's Hall | 1 | |
| Tree of Ages | 1 | |
| Ancient of Wind | 2 | |
16 total
» build order
00:30 Moon Well
00:57 Altar of Elders
01:00 Ancient of War
01:30 Moon Well
02:24 Ancient of Wonders
02:28 Ancient of War
02:51 Hunter's Hall
04:44 Tree of Ages
07:43 Ancient of Wind
07:45 Ancient of Wind
07:50 Moon Well
07:51 Moon Well
07:54 Moon Well
09:07 Moon Well
09:08 Moon Well
09:10 Moon Well
Chat log
(00:09 / Allies) jalf702: rush?
(00:21 / Allies) Secret-Mission: ok
(00:24 / Allies) GypsyWarg: yeah alright
(00:25 / Allies) 713648217: this is not a rush map
(00:34 / Allies) GypsyWarg: im only if all are
(00:45 / Allies) jalf702: units then
(00:45 / Allies) 713648217: I will if you guys do
(00:49 / Allies) GypsyWarg: i am
(01:00 / Allies) GypsyWarg: so whats the plan
(01:03 / Allies) Secret-Mission: i will go with you oj
(01:07 / Allies) Secret-Mission: RUSH!
(01:11 / Allies) jalf702: haha ok
(01:11 / Allies) GypsyWarg: ok rush
(01:11 / Allies) 713648217: I'll get footies
(01:13 / Allies) GypsyWarg: good all rish
(01:14 / Allies) 713648217: and some rifles
(02:41 / Allies) jalf702: hero almost up
(02:45 / Allies) jalf702: thx
(03:51 / Allies) GypsyWarg: ready?
(03:54 / Allies) 713648217: yeah
(03:57 / Allies) Secret-Mission: where meeeet
(04:02 / Allies) jalf702: point it out
(04:08 / Allies) Secret-Mission: k
(04:42 / Allies) jalf702: hunts are on the way as well
(04:50 / Allies) jalf702: gold
(04:55 / Allies) Secret-Mission: gogogo
(06:32 / Allies) Secret-Mission: mainm
(07:39 / Allies) jalf702: im going hyppo
(08:43 / Allies) GypsyWarg: what should i get?
(08:49 / Allies) GypsyWarg: melee?
(08:52 / Allies) 713648217: yeah
(08:55 / Allies) 713648217: we got aa covered
(08:57 / Allies) GypsyWarg: mass fiend
(09:02 / Allies) Secret-Mission: k
(09:35 / Allies) 713648217: ty
(09:40 / Allies) jalf702: thx
(09:41 / Allies) GypsyWarg: ty
(09:43 / Allies) Secret-Mission: yup
(09:50 / Allies) GypsyWarg: about to use it all
(10:40 / Allies) GypsyWarg: bears or giants.
(10:43 / Allies) jalf702: giants
(11:38 / Allies) jalf702: ready when you are
(12:12 / Allies) jalf702: gold plz
(12:21 / Allies) jalf702: thx
(13:25 / Allies) 713648217: mass chim
(13:27 / Allies) jalf702: who has air with me?
(13:36 / Allies) GypsyWarg: dismond
(13:41 / Allies) GypsyWarg: dismont
(13:44 / Allies) GypsyWarg: alot of them
(13:45 / Allies) jalf702: why
(13:55 / Allies) GypsyWarg: because then they do more damage to air
(14:05 / Allies) jalf702: k
(14:16 / Allies) GypsyWarg: have 3/4 of them dosmonted
(14:59 / Allies) GypsyWarg: no more achers
(15:05 / Allies) GypsyWarg: just hipps for now
(15:09 / Allies) jalf702: fine
(15:21 / Allies) jalf702: ill intercept
(16:00 / Allies) GypsyWarg: hit
(16:20 / Allies) GypsyWarg: meet
(16:33 / Allies) GypsyWarg: orange
(16:36 / Allies) jalf702: omw
(16:47 / All) 713648217: that worth all of your chims? lol
(16:55 / All) X2DAZX: yes
(16:59 / Allies) GypsyWarg: go now
(17:01 / Allies) GypsyWarg: hid red
(17:03 / Allies) GypsyWarg: hit
(17:10 / Allies) GypsyWarg: just go
(17:11 / All) D_Rose_MVP: my team is tking for mines
(17:12 / All) 713648217: OK buddy, 385 gold 205 lumber for >1000 of both
(17:25 / All) X2DAZX: yup
(17:29 / Allies) Secret-Mission: give me gold
(17:37 / Allies) Secret-Mission: thx
(19:46 / All) 713648217: you can all leave
(20:33 / Allies) jalf702: later nig
(20:36 / All) jalf702: later nig
(21:10 / All) D_Rose_MVP: ya know red if you woulda helped we woulda done a lot better
(21:11 / Allies) jalf702: o fuck
(21:22 / All) X2DAZX: but u mvp
(21:25 / All) X2DAZX: u supposed to carry
(21:44 / Allies) jalf702: haha well my base is gone
(21:59 / Allies) GypsyWarg: get them out now